AoeStats
← TheBunjiMunji

Black Forest

510223121Analyzed
3v3 RM · 13h ago on Sep 30, 2026· 50m 40s· 6 players
Game mode
Random Map
Map size
Normal (6 player)
Population
200
Speed
Normal
Resources
Standard
Victory
Conquest
Starting age
Dark Age
Ending age
Imperial Age
RankedLock teamsTeams togetherTeam positionsShared explorationLock speedFull tech treeHidden civsTurbo modeCheats
Victory
Defeat
🇬🇧 Georgians · United Kingdom
860
+12
🇺🇸 Huns · United States
822
+21
🇵🇪 Spanish · Peru
771
+16
🇦🇷 Britons · Argentina
784
-15
🇦🇷 Celts · Argentina
765
-14
🇦🇷 Bohemians · Argentina
764
-14
elsutrap
0:34 Loom
12:57 Feudal Age
14:30 Wheelbarrow
13:46 Double-Bit Axe
13:43 Horse Collar
15:41 Town Watch
18:15 Gold Mining
19:26 Stone Mining
22:24 Castle Age
21:25 Forging
21:53 Bloodlines
23:41 Hand Cart
23:29 Heavy Plow
26:21 Gold Shaft Mining
26:11 Bow Saw
27:19 Town Patrol
27:37 Scale Barding Armor
29:35 Caravan
30:14 Husbandry
30:59 Chain Barding Armor
31:15 Iron Casting
32:50 Squires
32:54 Scale Mail Armor
32:49 Pikeman
34:04 Arson
34:37 Chain Mail Armor
38:43 Imperial Age
38:57 Cavalier
39:01 Halberdier
39:10 Halberdier
40:13 Conscription
40:14 Paladin
41:55 Blast Furnace
41:31 Plate Barding Armor
40:26 Capped Ram
42:31 Two-Man Saw
41:39 Siege Ram
TheBunjiMunji
3:41 Loom
12:39 Feudal Age
17:22 Castle Age
16:25 Horse Collar
16:31 Double-Bit Axe
17:36 Fletching
19:16 Bodkin Arrow
29:05 Svan Towers
32:22 Ballistics
31:53 Guard Tower
31:47 Treadmill Crane
32:18 Masonry
32:29 Town Watch
33:20 Wheelbarrow
35:28 Town Patrol
37:59 Imperial Age
38:14 Hand Cart
38:56 Padded Archer Armor
39:19 Bracer
39:34 Bow Saw
39:14 Gold Mining
39:15 Stone Mining
39:49 Conscription
40:36 Chemistry
40:12 Keep
39:25 Arrowslits
42:40 Architecture
42:30 Leather Archer Armor
42:53 Caravan
46:17 Fortified Wall
EstosMancosyYo
9:46 Loom
11:31 Feudal Age
12:54 Double-Bit Axe
14:49 Wheelbarrow
19:10 Horse Collar
21:41 Scale Mail Armor
21:52 Forging
24:16 Castle Age
24:24 Gold Mining
24:33 Arson
26:32 Chain Mail Armor
28:22 Hand Cart
28:16 Heavy Plow
28:29 Bow Saw
27:49 Elite Skirmisher
29:03 Squires
37:40 Imperial Age
36:01 Caravan
36:40 Pikeman
38:02 Iron Casting
42:28 Chemistry
43:14 Arson
44:22 Halberdier
45:46 Plate Mail Armor
46:17 Blast Furnace
49:54 Coinage
Na´Vi EL DIEGO
1:25 Loom
13:37 Feudal Age
14:16 Horse Collar
14:27 Double-Bit Axe
26:53 Castle Age
26:25 Padded Archer Armor
27:48 Crossbowman
28:39 Gold Mining
29:33 Wheelbarrow
30:17 Stone Mining
30:43 Heavy Plow
30:57 Bow Saw
32:50 Gold Shaft Mining
32:40 Leather Archer Armor
33:15 Hand Cart
37:35 Town Watch
38:26 Coinage
43:32 Imperial Age
42:11 Pikeman
Pickle Rick
0:48 Loom
13:04 Feudal Age
15:34 Arson
16:45 Man-at-Arms
17:38 Scale Mail Armor
19:48 Double-Bit Axe
19:45 Horse Collar
22:04 Fletching
22:26 Forging
30:43 Castle Age
32:03 Bow Saw
34:40 Chain Mail Armor
35:01 Iron Casting
39:09 Pikeman
41:19 Bodkin Arrow
42:10 Heavy Plow
49:10 Imperial Age
48:04 Stone Mining
49:42 Onager
Comandante Guts
0:30 Loom
10:55 Feudal Age
10:49 Loom
17:00 Castle Age
16:30 Double-Bit Axe
20:46 Chemistry
29:28 Wheelbarrow
29:02 Town Watch
35:20 Imperial Age
33:09 Horse Collar
33:48 Hand Cart
34:07 Bow Saw
43:20 Siege Engineers
46:28 Conscription
Connection lost

Rejoining the realm…

Still unreachable

The connection could not be restored.

Session expired

The server has moved on; the page needs a fresh start.